General information
- name: BNet
- type: Ladder team game (AT/RT)
- host: Battle.net
- saver: STRASSENJUNGE
map: Highperch
- players: 6
- length: 10:25
- speed: Fast
- version: 1.24 W3XP
- replay type: Public
» download(79 KB)
Players
team 1 (winner)
SakuraGGL (
blue | 145 APM | 1512 actions | 10:24)
3 Death Knight
2 Death Coil
1 Unholy Aura
2 Lich
1 Frost Nova
1 Frost Armor
2 Dark Ranger
1 Silence
1 Black Arrow
» actions
| Assign group hotkey | 61 | |
| Basic commands | 22 | |
| Build / train | 29 | |
| Enter build submenu | 13 | |
| Enter hero's abilities submenu | 7 | |
| Right click | 529 | |
| Select / deselect | 90 | |
| Select group hotkey | 712 | |
| Use ability | 49 | |
1512 total
» units
| Acolyte | 2 | |
| Ghoul | 2 | |
| Crypt Fiend | 3 | |
| Razormane Medicine Man | 3 | |
| Frost Wyrm | 1 | |
11 total
» buildings
| Graveyard | 1 | |
| Crypt | 1 | |
| Ziggurat | 5 | |
| Altar of Darkness | 1 | |
| Tomb of Relics | 1 | |
| Halls of the Dead | 2 | |
| Nerubian Tower | 1 | |
| Black Citadel | 1 | |
| Sacrificial Pit | 1 | |
| Boneyard | 2 | |
16 total
» build order
00:08 Graveyard
00:12 Crypt
00:33 Ziggurat
00:49 Altar of Darkness
01:38 Ziggurat
01:47 Tomb of Relics
02:40 Halls of the Dead
02:41 Halls of the Dead
03:07 Nerubian Tower
04:52 Ziggurat
05:02 Black Citadel
06:11 Sacrificial Pit
07:28 Boneyard
07:29 Boneyard
07:48 Ziggurat
09:50 Ziggurat
» items

»
STRASSENJUNGE (
teal | 112 APM | 1165 actions | 10:25)
4 Paladin
2 Holy Light
2 Devotion Aura
2 Pandaren Brewmaster
1 Breath of Fire
1 Drunken Haze
» actions
| Assign group hotkey | 10 | |
| Basic commands | 97 | |
| Build / train | 31 | |
| Enter build submenu | 15 | |
| Enter hero's abilities submenu | 7 | |
| Right click | 449 | |
| Select / deselect | 274 | |
| Select group hotkey | 250 | |
| Use ability | 31 | |
1165 total
» units
» upgrades
| Gunpowder | 2 | |
| Long Rifles | 1 | |
| Armor | 1 | |
4 total
» buildings
| Altar of Kings | 1 | |
| Farm | 6 | |
| Blacksmith | 1 | |
| Barracks | 1 | |
| Scout Tower | 1 | |
| Arcane Vault | 1 | |
| Arcane Tower | 1 | |
| Lumber Mill | 2 | |
| Keep | 1 | |
| Town Hall | 1 | |
| Castle | 1 | |
17 total
» build order
00:04 Altar of Kings
00:07 Farm
00:28 Blacksmith
01:24 Barracks
01:31 Farm
02:09 Scout Tower
02:31 Arcane Vault
02:38 Arcane Tower
03:06 Farm
03:42 Farm
04:16 Lumber Mill
04:22 Lumber Mill
04:30 Keep
06:17 Farm
06:50 Town Hall
07:03 Farm
09:33 Castle

»
timg4strok (
green | 123 APM | 1286 actions | 10:24)
3 Keeper of the Grove
2 Entangling Roots
1 Thorns Aura
» actions
| Assign group hotkey | 18 | |
| Basic commands | 21 | |
| Build / train | 28 | |
| ESC pressed | 1 | |
| Enter build submenu | 14 | |
| Enter hero's abilities submenu | 3 | |
| Right click | 713 | |
| Select / deselect | 124 | |
| Select group hotkey | 333 | |
| Use ability | 31 | |
1286 total
» units
» upgrades
» buildings
| Altar of Elders | 1 | |
| Moon Well | 4 | |
| Hunter's Hall | 1 | |
| Ancient of War | 2 | |
| Tree of Ages | 1 | |
| Ancient of Wind | 3 | |
| Tree of Eternity | 1 | |
| Ancient of Wonders | 1 | |
14 total
» build order
00:04 Altar of Elders
00:20 Moon Well
01:23 Hunter's Hall
01:48 Ancient of War
02:05 Ancient of War
02:28 Moon Well
02:32 Moon Well
03:14 Moon Well
07:33 Tree of Ages
10:00 Ancient of Wind
10:01 Ancient of Wind
10:06 Ancient of Wind
10:12 Tree of Eternity
10:13 Ancient of Wonders
» items
| Scroll of Healing | 1 | |
| Scroll of Protection | 1 | |
2 total
team 2 (loser)
Demon[h]unt[e[r (
orange | 70 APM | 726 actions | 10:24)
2 Tauren Chieftain
1 War Stomp
1 Endurance Aura
1 Shadow Hunter
1 Healing Wave
» actions
| Assign group hotkey | 25 | |
| Basic commands | 81 | |
| Build / train | 35 | |
| ESC pressed | 3 | |
| Enter build submenu | 12 | |
| Enter hero's abilities submenu | 3 | |
| Right click | 249 | |
| Select / deselect | 106 | |
| Select group hotkey | 168 | |
| Use ability | 44 | |
726 total
» units
» upgrades
» buildings
| Barracks | 1 | |
| Altar of Storms | 1 | |
| Orc Burrow | 4 | |
| Voodoo Lounge | 1 | |
| Stronghold | 3 | |
| Fortress | 2 | |
| Spirit Lodge | 1 | |
| War Mill | 1 | |
14 total
» build order
00:14 Barracks
00:18 Altar of Storms
00:29 Orc Burrow
01:53 Orc Burrow
02:19 Voodoo Lounge
03:30 Orc Burrow
04:07 Stronghold
04:07 Stronghold
05:12 Orc Burrow
06:29 Fortress
06:29 Fortress
06:32 Spirit Lodge
09:21 War Mill
» items
| Healing Salve | 1 | |
| Scroll of Speed | 2 | |
| Lesser Clarity Potion | 1 | |
| Potion of Healing | 1 | |
5 total
supersangogeeek (
yellow | 60 APM | 616 actions | 10:16)
2 Tauren Chieftain
1 Endurance Aura
1 War Stomp
» actions
| Assign group hotkey | 75 | |
| Basic commands | 14 | |
| Build / train | 33 | |
| Enter build submenu | 11 | |
| Enter hero's abilities submenu | 2 | |
| Remove unit from queue | 1 | |
| Right click | 278 | |
| Select / deselect | 128 | |
| Select group hotkey | 49 | |
| Use ability | 25 | |
616 total
» units
| Peon | 9 | |
| Troll Headhunter/Berserker | 12 | |
21 total
» upgrades
| Ranged Weapons | 2 | |
| Armor | 1 | |
| Troll Regeneration | 1 | |
4 total
» buildings
| Altar of Storms | 1 | |
| Orc Burrow | 4 | |
| Barracks | 3 | |
| War Mill | 1 | |
| Voodoo Lounge | 1 | |
| Stronghold | 1 | |
| Spirit Lodge | 1 | |
| Fortress | 1 | |
13 total
» build order
00:08 Altar of Storms
00:15 Orc Burrow
00:52 Barracks
00:57 Barracks
01:09 War Mill
01:52 Voodoo Lounge
02:02 Orc Burrow
02:31 Barracks
04:35 Stronghold
04:54 Orc Burrow
07:05 Spirit Lodge
07:54 Orc Burrow
07:57 Fortress
» items
| Healing Salve | 1 | |
| Scroll of Town Portal | 1 | |
2 total
YouR.MoM.TC- (
purple | 57 APM | 584 actions | 10:11)
2 Far Seer
1 Feral Spirit
1 Chain Lighting
2 Naga Sea Witch
1 Frost Arrows
1 Forked Lightning
» actions
| Assign group hotkey | 17 | |
| Build / train | 33 | |
| Enter build submenu | 10 | |
| Enter hero's abilities submenu | 4 | |
| Right click | 269 | |
| Select / deselect | 116 | |
| Select group hotkey | 104 | |
| Use ability | 31 | |
584 total
» units
» upgrades
| Pillage | 1 | |
| Berserker Strength | 1 | |
| Melee Weapons | 1 | |
| Ensnare | 1 | |
| Armor | 1 | |
5 total
» buildings
| Altar of Storms | 1 | |
| Orc Burrow | 4 | |
| Barracks | 1 | |
| Voodoo Lounge | 1 | |
| Stronghold | 1 | |
| War Mill | 1 | |
| Beastiary | 2 | |
11 total
» build order
00:11 Altar of Storms
00:16 Orc Burrow
00:29 Barracks
01:42 Orc Burrow
01:49 Voodoo Lounge
03:02 Stronghold
04:37 War Mill
05:10 Orc Burrow
05:40 Beastiary
05:45 Beastiary
06:23 Orc Burrow
» items
| Scroll of Speed | 1 | |
| Potion of Healing | 1 | |
2 total
Chat log
(00:42 / All) STRASSENJUNGE: havent bathed in 10 months
(00:48 / All) Demon[h]unt[e[r: damn
(00:49 / All) Demon[h]unt[e[r: nice
(00:53 / All) Demon[h]unt[e[r: u smell nice
(00:55 / All) Demon[h]unt[e[r: good
(00:58 / All) SakuraGGL: i havent shaved in a week
(01:02 / All) Demon[h]unt[e[r: nice
(01:04 / All) SakuraGGL: I always slur when i speak
(01:17 / All) Demon[h]unt[e[r: nabs?
(01:20 / All) timg4strok: hjuh
(01:21 / All) timg4strok: huh
(01:25 / All) Demon[h]unt[e[r: nabs
(01:26 / All) STRASSENJUNGE: What a nab?
(01:29 / All) Demon[h]unt[e[r: U
(01:33 / All) Demon[h]unt[e[r: are perfect nab
(01:33 / All) STRASSENJUNGE: ?
(01:39 / All) STRASSENJUNGE: wat dat
(01:48 / All) Demon[h]unt[e[r: Manner and stfu and play
(01:52 / All) timg4strok: quiet
(01:53 / All) SakuraGGL: who?
(01:55 / All) STRASSENJUNGE: What manner?
(01:56 / All) STRASSENJUNGE: ~~~
(01:57 / All) timg4strok: u.
(01:59 / All) STRASSENJUNGE: D
(01:59 / All) timg4strok: D
(02:00 / All) timg4strok: D
(02:00 / All) timg4strok: D
(02:01 / All) SakuraGGL: D
(02:01 / All) SakuraGGL: D
(02:02 / All) Demon[h]unt[e[r: hahaha..
(02:04 / All) Demon[h]unt[e[r: kiddos..
(02:06 / All) Demon[h]unt[e[r: no sill
(02:07 / All) Demon[h]unt[e[r: skill
(02:10 / All) SakuraGGL: whats sill?
(02:12 / All) Demon[h]unt[e[r: silly girls
(02:35 / All) STRASSENJUNGE: im usa u?
(02:41 / All) Demon[h]unt[e[r: motherfucken NOB usa
(03:14 / All) STRASSENJUNGE: my pally is like goku
(03:16 / All) STRASSENJUNGE: In dbz tribute
(03:19 / All) YouR.MoM.TC-: XD
(05:37 / All) Demon[h]unt[e[r: lal
(05:40 / All) Demon[h]unt[e[r: no exe u fucker
(05:54 / All) SakuraGGL: NICE
(06:05 / All) STRASSENJUNGE: lal
(07:40 / All) STRASSENJUNGE: D
(07:40 / All) STRASSENJUNGE: D
(07:48 / All) Demon[h]unt[e[r: that seems so gay
(09:19 / All) STRASSENJUNGE: leave
(09:26 / All) SakuraGGL: good straty
(09:56 / All) STRASSENJUNGE: click my pally
(09:57 / All) STRASSENJUNGE: u will win